 Dungeon Crawl Stone Soup version 0.25-a0-589-g1e14c549ee (webtiles) character file.

Game seed: 14849286236566789341, levelgen mode: deterministic

7776 surprisetrex the Frost Mage (level 11, -8/95 HPs)
             Began as a Black Draconian Ice Elementalist on Mar 9, 2020.
             Was a Follower of Vehumet.
             Killed from afar by a gargoyle (12 damage)
             ... with a stone arrow
             ... on level 10 of the Dungeon on Mar 10, 2020.
             The game lasted 00:44:40 (12093 turns).

surprisetrex the Frost Mage (DrIE)                 Turns: 12093, Time: 00:44:40

Health: -8/95      AC:  7    Str: 10    XL:     11   Next: 1%
Magic:  12/22      EV: 13    Int: 19    God:    Vehumet [*.....]
Gold:   223        SH:  0    Dex: 21    Spells: 17/25 levels left

rFire    . . .     SeeInvis .   B - +0 falchion "Plog" {speed, Fragile +Inv rC- Dex+9} (curse)
rCold    x . .     Gourm    .   (no shield)
rNeg     . . .     Faith    .   (armour unavailable)
rPois    .         Spirit   .   (helmet restricted)
rElec    +         Reflect  .   (no cloak)
rCorr    +         Harm     .   (no gloves)
MR       .....                  (no boots)
Stlth    ++........             (no amulet)
HPRegen  0.25/turn              i - ring of resist corrosion
MPRegen  0.18/turn              (no ring)

@: frozen ramparts
A: breathe lightning, unfitting armour, electricity resistance, cold-blooded, AC
+7
a: Breathe Lightning, Renounce Religion, Evoke Invisibility


You were on level 10 of the Dungeon.
You worshipped Vehumet.
Vehumet was aware of your devotion.
You were hungry.

You visited 2 branches of the dungeon, and saw 11 of its levels.

You collected 510 gold pieces.
You spent 287 gold pieces at shops.

Inventory:

Hand Weapons
 a - a +1 broad axe of electrocution
 l - a +0 hand crossbow
 B - the cursed +0 falchion "Plog" (weapon) {speed, Fragile +Inv rC- Dex+9}
   (You bought it in a shop on level 6 of the Dungeon)

   Attacks with this weapon are significantly faster.
   It affects your dexterity (+9).
   It makes you vulnerable to cold.
   It lets you turn invisible.
   It will be destroyed if unequipped.
   It has a curse placed upon it.
Missiles
 c - 7 curare-tipped darts
 d - 181 stones (quivered)
 e - 6 datura-tipped darts
 o - 43 sling bullets
 x - 9 poisoned darts
Armour
 K - a +2 cloak
Jewellery
 i - a ring of resist corrosion (left hand)
Wands
 n - a wand of flame (36)
 A - a wand of clouds (2)
 F - a wand of paralysis (11)
 H - a wand of random effects (9)
 I - a wand of acid (1)
Scrolls
 k - 3 scrolls of enchant armour
 p - 2 scrolls of magic mapping
 s - a scroll of amnesia
 u - 3 scrolls of fear
 v - 3 scrolls of blinking
 y - 2 scrolls of enchant weapon
 z - 8 scrolls of teleportation
Potions
 f - 2 potions of berserk rage
 g - 2 potions of stabbing
 h - 3 potions of haste
 j - 2 potions of curing
 q - 4 potions of degeneration
 r - 2 potions of cancellation {unknown}
 t - 2 potions of heal wounds
 w - 4 potions of brilliance
 C - 2 potions of might
 D - a potion of lignification {unknown}
 E - 2 potions of ambrosia
 J - a potion of mutation {unknown}
Comestibles
 b - 9 chunks of flesh
 m - 17 rations


   Skills:
 + Level 8.6 Fighting
 - Level 1.7 Dodging
 - Level 1.7 Stealth
 + Level 7.5 Spellcasting
 - Level 8.0 Summonings
 - Level 10.7 Ice Magic


You had 17 spell levels left.
You knew the following spells:

 Your Spells              Type           Power        Failure   Level  Hunger
a - Freeze                Ice            ####         1%          1    None
b - Frozen Ramparts       Ice            #####.       1%          3    #......
c - Summon Ice Beast      Ice/Summ       #####...     1%          4    ###....

Your spell library contained the following spells:

 Spells                   Type           Power        Failure   Level  Hunger
 Magic Dart               Conj           #...         10%         1    None
 Ensorcelled Hibernation  Hex/Ice        ####..       1%          2    None
 Ozocubu's Armour         Chrm/Ice       ####....     3%          3    #......
 Corona                   Hex            #......      10%         1    None
 Shock                    Conj/Air       #...         10%         1    None
 Hailstorm                Conj/Ice       ####....     11%         4    ###....
 Swiftness                Chrm/Air       #.......     14%         2    None
 Confusing Touch          Hex            #.......     28%         3    #......
 Dazzling Flash           Conj/Hex       #.....       28%         3    #......
 Static Discharge         Conj/Air       #.......     28%         3    #......
 Tukima's Dance           Hex            #.......     28%         3    #......
 Airstrike                Air            #.........   67%         4    ###....
 Irradiate                Conj/Tmut      #.........   95%         5    #####..
 Lightning Bolt           Conj/Air       #.........   95%         5    #####..
 Hydra Form               Tmut           #.........   100%        6    ######.
 Statue Form              Tmut/Erth      #........    100%        6    ######.
 Dragon Form              Tmut           #.........   100%        7    #######


Dungeon Overview and Level Annotations

Branches:
Dungeon (10/15)            Temple (1/1) D:6             Orc (0/2) D:9
   Lair: D:8-11

Altars:
Ashenzari
Cheibriados
Dithmenos
Elyvilon
Fedhas
Gozag
Hepliaklqana
Kikubaaqudgha
Makhleb
Nemelex Xobeh
Okawaru
Qazlal
Ru
Sif Muna
Trog
Uskayaw
Vehumet
Wu Jian
Xom
Yredelemnul
Zin
The Shining One

Shops:
D:6 (

Annotations:
D:7 2 runed translucent doors, bmj180's ghost, novice HOFi


Innate Abilities, Weirdness & Mutations

You can breathe wild blasts of lightning.
Your glossy black scales are hard. (AC +7)
You cannot fit into any form of body armour.
You are resistant to electric shocks. (rElec)
You are cold-blooded and may be slowed by cold attacks.


Message History

Your ice beast hits the gargoyle but does no damage.
You hit the gargoyle but do no damage.
You tail-slap the gargoyle, but do no damage.
The gargoyle is lightly damaged.
Your ice beast hits the gargoyle.
Your ice beast freezes the gargoyle!
The gargoyle hits you with a +0 mace!
* * * LOW HITPOINT WARNING * * *
Your ice beast hits the gargoyle but does no damage.
You hit the gargoyle but do no damage.
The gargoyle is heavily damaged.
Your ice beast hits the gargoyle but does no damage. x2
The gargoyle hurls a stone arrow at you.
The stone arrow hits you!!
* * * LOW HITPOINT WARNING * * *
You hit the gargoyle but do no damage.
The gargoyle is heavily damaged.
Your ice beast hits the gargoyle but does no damage. x2
The gargoyle hurls a stone arrow at you.
The stone arrow hits you!
You die...

### #.. # #.#
#.#####.##########
#.................
#.....<.........
#....Y9Y.....#
#......@.....#
####.####....#
ā‰ˆ. #....# Pā‰ˆ.
###..# #ā‰ˆā‰ˆ
#.># #P #..# #
#..# ###..#.#
#....#.#########


You could see a gargoyle and 2 friendly ice beasts.

Vanquished Creatures
  Harold (D:8)
  A two-headed ogre (D:10)
  Maurice (D:8)
  Grinder (D:3)
  A hippogriff (D:8)
  A wyvern (D:8)
  Menkaure (D:4)
  A steam dragon (D:9)
  2 vampire mosquitoes (D:9)
  Edmund (D:4)
  A water moccasin (D:6)
  A porcupine (D:10)
  2 black bears (D:8)
  2 sky beasts
  A hornet zombie (D:8)
  An orc warrior (D:10)
  2 slaves
  An ice beast (D:8)
  A necrophage (D:10)
  5 ogres
  3 centaurs
  2 big kobolds
  Blork the orc (D:5)
  10 bullfrogs
  A water moccasin zombie (D:8)
  3 scorpions
  A wyvern skeleton (D:8)
  3 wights (D:9)
  2 crimson imps
  5 howler monkeys (D:7)
  2 bullfrog zombies
  A quasit (D:8)
  2 jellies
  9 hounds
  3 centaur skeletons
  3 orc wizards
  2 bullfrog skeletons
  Jessica (D:3)
  2 iguanas
  Ijyb (D:3)
  Natasha (thrice) (D:3)
  14 worker ants
  4 gnolls (D:9)
  A howler monkey zombie (D:6)
  9 adders
  A shadow imp (D:10)
  An ooze (D:5)
  An adder zombie (D:7)
  An adder skeleton (D:6)
  3 worms (D:9)
  A dart slug (D:3)
  4 leopard geckos
  12 orcs
  A ball python (D:2)
  4 giant cockroaches
  10 goblins
  6 hobgoblins
  11 jackals
  5 quokkas
  9 bats
  5 frilled lizards
  2 goblin skeletons (D:4)
  A goblin zombie (D:4)
  A hobgoblin zombie (D:4)
  11 kobolds
  A kobold skeleton (D:4)
  3 kobold zombies (D:4)
  2 leopard gecko skeletons (D:4)
  3 leopard gecko zombies
  An orc skeleton (D:4)
  2 orc zombies (D:4)
  A quokka skeleton (D:4)
  7 rats
226 creatures vanquished.

Vanquished Creatures (collateral kills)
  Pikel (D:5)
  A troll (D:10)
  A vampire mosquito (D:9)
  A steam dragon (D:9)
  An ice beast (D:10)
  3 orc warriors
  An eye of draining (D:9)
  A bullfrog (D:10)
  A bullfrog zombie (D:7)
  2 orcs (D:7)
13 creatures vanquished.

Vanquished Creatures (others)
  2 slaves (D:5)
  A quokka (D:3)
  3 fungi (D:10)
  3 plants (D:10)
9 creatures vanquished.

Grand Total: 248 creatures vanquished

Notes
Turn   | Place    | Note
-------+----------+-------------------------------------------
     0 | D:1      | surprisetrex the Draconian Ice Elementalist began the quest
                  | for the Orb.
     0 | D:1      | Reached XP level 1. HP: 14/14 MP: 3/3
   181 | D:1      | Reached XP level 2. HP: 20/20 MP: 3/5
   821 | D:2      | Found a bloodstained altar of Trog.
   908 | D:2      | Reached skill level 5 in Ice Magic
  1027 | D:2      | Reached XP level 3. HP: 26/26 MP: 6/6
  1032 | D:2      | Learned a level 3 spell: Frozen Ramparts
  1513 | D:2      | Found a faded altar of an unknown god.
  1600 | D:2      | Found an ancient bone altar of Kikubaaqudgha.
  1722 | D:3      | Reached XP level 4. HP: 33/33 MP: 3/7
  1734 | D:3      | Reached skill level 6 in Ice Magic
  1808 | D:3      | Noticed Jessica
  1808 | D:3      | Noticed Ijyb
  1812 | D:3      | Killed Jessica
  1819 | D:3      | Killed Ijyb
  1819 | D:3      | Reached XP level 5. HP: 26/38 MP: 2/8
  1879 | D:3      | Learned a level 4 spell: Summon Ice Beast
  1888 | D:3      | Found a white marble altar of Elyvilon.
  1889 | D:3      | Noticed Natasha
  1894 | D:3      | Killed Natasha
  1919 | D:3      | Noticed Grinder
  2011 | D:3      | Paralysed by Grinder for 6 turns
  2021 | D:2      | Reached skill level 1 in Summonings
  2072 | D:3      | Paralysed by Grinder for 2 turns
  2074 | D:3      | Killed Grinder
  2074 | D:3      | Reached XP level 6. HP: 33/45 MP: 4/9
  2197 | D:3      | Noticed Natasha
  2203 | D:3      | Killed Natasha
  2313 | D:3      | Noticed Natasha
  2320 | D:3      | Killed Natasha
  2448 | D:4      | Found a shimmering blue altar of Sif Muna.
  2552 | D:4      | Noticed Menkaure
  2661 | D:4      | Killed Menkaure
  2661 | D:4      | Reached skill level 5 in Summonings
  2661 | D:4      | Your scales start taking on a glossy black colour.
  2661 | D:4      | Reached XP level 7. HP: 31/50 MP: 4/10
  2661 | D:4      | Gained mutation: You are resistant to electric shocks.
                  | (rElec) [Black Draconian growth]
  2822 | D:4      | Found a glowing golden altar of the Shining One.
  3182 | D:4      | Found a burning altar of Makhleb.
  3290 | D:4      | Noticed Edmund
  3318 | D:4      | Killed Edmund
  3584 | D:4      | Reached XP level 8. HP: 18/57 MP: 5/11
  3967 | D:5      | Entered Level 5 of the Dungeon
  4052 | D:5      | Noticed Pikel
  4590 | D:5      | Reached skill level 7 in Ice Magic
  5238 | D:5      | Killed Pikel
  5238 | D:5      | Reached skill level 8 in Ice Magic
  5339 | D:5      | Noticed Blork the orc
  5345 | D:5      | Killed Blork the orc
  5515 | D:6      | Reached skill level 9 in Ice Magic
  6346 | D:6      | Found Gaxos's Antique Weapon Boutique.
  6378 | D:6      | Found a staircase to the Ecumenical Temple.
  6386 | Temple   | Entered the Ecumenical Temple
  6448 | D:6      | Reached XP level 9. HP: 50/62 MP: 8/12
  6937 | D:7      | Reached skill level 10 in Ice Magic
  7373 | D:7      | Found a large runed translucent door.
  7373 | D:7      | Found a large runed translucent door.
  7373 | D:7      | Noticed bmj180's ghost (novice HOFi)
  7583 | D:7      | Reached skill level 1 in Fighting
  7840 | D:7      | Found a shadowy altar of Dithmenos.
  7843 | D:7      | Found a white marble altar of Elyvilon.
  7846 | D:7      | Found a radiant altar of Vehumet.
  8041 | D:7      | Became a worshipper of Vehumet
  8320 | D:8      | Found a sparkling altar of Nemelex Xobeh.
  8641 | D:8      | Noticed Maurice
  8700 | D:8      | HP: 3/72 [poisoned by Maurice]
  9060 | D:8      | Killed Maurice
  9060 | D:8      | Reached skill level 5 in Fighting
  9060 | D:8      | Reached XP level 10. HP: 81/81 MP: 4/17
  9098 | D:8      | Reached skill level 5 in Spellcasting
  9651 | D:8      | Noticed Harold
  9667 | D:8      | Killed Harold
  9835 | D:8      | Found a shimmering blue altar of Sif Muna.
  9984 | D:9      | Found a staircase to the Orcish Mines.
 10699 | D:9      | Reached * piety under Vehumet
 10699 | D:9      | Offered knowledge of Sandblast by Vehumet.
 10832 | D:9      | Noticed a moth of wrath
 10835 | D:9      | Found a bloodstained altar of Trog.
 11539 | D:6      | Bought a hand crossbow for 87 gold pieces
 11539 | D:6      | Bought a faintly glowing falchion for 200 gold pieces
 11540 | D:6      | Identified the cursed +0 falchion "Plog" {speed, Fragile
                  | +Inv rC- Dex+9} (You bought it in a shop on level 6 of the
                  | Dungeon)
 11619 | D:10     | Entered Level 10 of the Dungeon
 11966 | D:10     | Noticed a two-headed ogre
 11982 | D:10     | Killed a two-headed ogre
 12041 | D:10     | Offered knowledge of Magic Dart by Vehumet.
 12041 | D:10     | Reached XP level 11. HP: 61/95 MP: 19/22
 12091 | D:10     | HP: 4/95 [gargoyle/stone arrow (18)]
 12093 | D:10     | Killed from afar by a gargoyle

Levels and vault maps discovered:
D:1:      matt_arrival_spirals, layout_basic
D:2:      kb_forest_paths, layout_basic, lemuel_doored_altar,
          chequers_ecumenical_altar_grove, trog_three_pillars_becter
D:3:      layout_basic, elyvilon_altar_4, uniq_jessica, uniq_ijyb, uniq_natasha,
          uniq_grinder
D:4:      layout_gridville, nicolae_tso_besieged_by_evil, led_sif_pool,
          makhleb_blood_cavern_becter, first_ration, serial_park_tiny_2,
          corexii_leaking_fountain, uniq_menkaure, uniq_edmund
D:5:      layout_gridville, uniq_pikel, uniq_blork_the_orc
D:6:      layout_cave_pools, minmay_temple_entry_water_ring, serial_shops,
          nicolae_shop_trees
D:7:      layout_loops_corners, grunt_temple_overflow_diamond,
          ebering_ghost_disaster_area
D:8:      kennysheep_orc_sif_temple, layout_loops_ring, lemuel_crystal_altar,
          uniq_harold, uniq_maurice
D:9:      cheibrodos_steamvent, layout_rooms, tgw_trog
D:10:     layout_basic, grunt_lair_entry_orc_guard_hut, hangedman_ranch
          [blue_anna_fruit_fields], uniq_fannar
Temple:   nicolae_temple_god_jail

Skill      XL: |  1  2  3  4  5  6  7  8  9 10 |
---------------+-------------------------------+-----
Ice Magic      | 5 6 9 10 | 10.7
Summonings     | 4 5 7 8 |  8.0
Fighting       | 5 8 |  8.6
Spellcasting   | 4 7 |  7.5
Dodging        | |  1.7
Stealth        | |  1.7

Action                   |  1- 3 |  4- 6 |  7- 9 | 10-12 || total
-------------------------+-------+-------+-------+-------++-------
Melee: Unarmed           |    14 |       |       |       ||    14
       Tailslap          |     5 |     6 |    13 |    12 ||    36
       Dagger            |    64 |    42 |    63 |       ||   169
       Dire flail        |       |       |    76 |       ||    76
       Hunting sling     |       |       |     3 |       ||     3
       Falchion          |       |       |       |    47 ||    47
       Broad axe         |       |       |       |    23 ||    23
       Executioner's axe |       |       |       |     4 ||     4
 Fire: Hunting sling     |     9 |     3 |   196 |    82 ||   290
Throw: Stone             |    23 |     1 |       |     3 ||    27
 Cast: Freeze            |    26 |     6 |    73 |    29 ||   134
       Frozen Ramparts   |     2 |    12 |    50 |    27 ||    91
       Summon Ice Beast  |       |       |    12 |    12 ||    24
  Use: Scroll            |       |       |    15 |     6 ||    21
       Potion            |       |       |     4 |       ||     4
 Stab: Sleeping          |     4 |       |     1 |       ||     5
  Eat: Chunk             |     3 |     4 |    19 |    12 ||    38
       Ration            |       |       |     3 |       ||     3
Armor: Skin              |    32 |    14 |    82 |    43 ||   171
Dodge: Dodged            |    55 |    22 |   175 |    99 ||   351
       Rpst.: Falchion   |       |       |       |     8 ||     8

Table legend:
 A = Non-vault XP
 B = Vault XP
 C = Vault XP percentage of total XP
 D = Non-vault monster count
 E = Vault monster count
 F = Vault count percentage of total count
                 A         B        C        D         E       F
            +---------+---------+-------+---------+---------+-------
      Total |    7623 |    3486 |  31.4 |     192 |      45 |  19.0
            +---------+---------+-------+---------+---------+-------
        D:1 |      28 |       0 |   0.0 |      18 |       0 |   0.0
        D:2 |      93 |       7 |   7.0 |      18 |       6 |  25.0
        D:3 |     165 |     344 |  67.6 |      22 |       4 |  15.4
        D:4 |     376 |     460 |  55.0 |      12 |      15 |  55.6
        D:5 |     317 |     412 |  56.5 |      10 |       2 |  16.7
        D:6 |     855 |       0 |   0.0 |      27 |       0 |   0.0
        D:7 |    1209 |       0 |   0.0 |      30 |       0 |   0.0
        D:8 |    1590 |    1375 |  46.4 |      16 |       5 |  23.8
        D:9 |    1529 |     340 |  18.2 |      30 |       7 |  18.9
       D:10 |    1461 |     548 |  27.3 |       9 |       6 |  40.0
            +---------+---------+-------+---------+---------+-------
